 Dungeon Crawl Stone Soup version 0.27-a0-1193-g8631133539 (webtiles) character file.

Game seed: 1503228584291965664

303 rjrrt the Ducker (level 6, -2/32 HPs)
             Began as a Spriggan Berserker on May 26, 2021.
             Was a Priest of Trog.
             Killed from afar by an orc wizard (8 damage)
             ... with a magic dart
             ... on level 4 of the Dungeon.
             The game lasted 00:07:07 (5141 turns).

rjrrt the Ducker (Spriggan Berserker)               Turns: 5141, Time: 00:07:07

Health: -2/32      AC:  2    Str: 15    XL:     6   Next: 15%
Magic:  7/7        EV: 19    Int:  9    God:    Trog [***...]
Gold:   142        SH:  0    Dex: 14    Spells: 5/5 levels left

rFire    . . .     SeeInvis +   a - +0 short sword
rCold    . . .     Faith    .   (shield restricted)
rNeg     . . .     Spirit   .   b - +0 animal skin
rPois    .         Reflect  .   (helmet restricted)
rElec    .         Harm     .   (no cloak)
rCorr    .         Rampage  .   (gloves unavailable)
Will     +....                  (boots unavailable)
Stlth    +++.......             (no amulet)
HPRegen  0.10/turn              (no ring)
MPRegen  0.10/turn              (no ring)

@: very quick
A: very small, no large weapons, unfitting armour, see invisible, speed 3
a: Renounce Religion, Berserk, Trog's Hand


You were on level 4 of the Dungeon.
You worshipped Trog.
Trog was most pleased with you.
You visited 1 branch of the dungeon, and saw 4 of its levels.

You collected 142 gold pieces.

Inventory:

Hand Weapons
 a - a +0 short sword (weapon)
 q - a +1 trident of protection
Missiles
 f - 7 boomerangs
 h - 15 poisoned darts (quivered)
Armour
 b - a +0 animal skin (worn)
Wands
 d - a wand of polymorph (4)
 o - a wand of charming (7)
 p - a wand of digging (6)
Scrolls
 e - 2 scrolls of immolation {unknown}
 g - 3 scrolls of fog {unknown}
 i - 2 scrolls of magic mapping {unknown}
 l - 4 scrolls of enchant armour {unknown}
Potions
 c - a potion of brilliance {unknown}
 j - 2 potions of attraction
 k - 2 potions of lignification
 m - 3 potions of heal wounds
 n - 4 potions of curing


   Skills:
 + Level 3.3 Fighting
 - Level 4.5(4.9) Short Blades
 * Level 2.0(3.0) Long Blades
 + Level 5.4 Dodging
 + Level 4.0 Stealth


You had 5 spell levels left.
You didn't know any spells.
Your spell library was empty.

Dungeon Overview and Level Annotations

Branches:
Dungeon (4/15)
 Temple: D:4-7

Altars:
Dithmenos
Fedhas

Shops:
D:2 :


Innate Abilities, Weirdness & Mutations

You are very small and have problems with some larger weapons.
You are too small for most types of armour.
You have supernaturally acute eyesight. (SInv)
You cover ground extremely quickly. (Speed+++)


Message History

You closely miss the orc wizard.
The orc wizard is moderately wounded.
You hit the orc wizard.
The orc wizard is heavily wounded.
The orc priest hits you with a +0 flail.
The orc wizard barely misses you.
Unknown command.
You hit the orc wizard.
The orc wizard is almost dead.
The orc priest closely misses you. The orc wizard misses you.
Unknown command.
You closely miss the orc wizard.
The orc wizard is almost dead.
The orc priest miscasts a cantrip.
The orc wizard hits you but does no damage.
Unknown command.
You're still recovering from your berserk rage.
Unknown command.
You're still recovering from your berserk rage.
Unknown command.
You hit the orc wizard.
The orc wizard is almost dead.
You recover from your berserk rage.
The orc priest calls down the wrath of Beogh upon you.
Beogh smites you!
* * * LOW HITPOINT WARNING * * *
The orc wizard casts a spell at itself.
The orc wizard flickers and vanishes for a moment.
You miss the orc wizard.
The orc wizard is almost dead.
The orc priest barely misses you.
The orc wizard hits you with a +0 dagger.
* * * LOW HITPOINT WARNING * * *
Unknown command.
Unknown command.
You closely miss the orc wizard.
The orc wizard is almost dead.
The orc wizard gestures at you while chanting.
The magic dart hits you!
You die...

#.# #............# #.#
#.##########.#
#.########.###......#.#
#...†........##.###.#.#
###########.########.#.#......#.#
............####.......#..#.#.#.#
##############............#..<#.#
#.....# #..oo.#......###.#.#
#.....# ######@#.#..........#.#
##.....# #.......o......o
...####.###.###.######.#.o.....o.
...####..##...............#######
......##.##..##.#########...o....


You could see an orc priest and 2 orc wizards.

Vanquished Creatures
  A black bear (D:4)
  An orc priest (D:4)
  An orc wizard (D:4)
  A gnoll (D:1)
  7 adders
  3 worms (D:3)
  An adder skeleton (D:4)
  A dart slug (D:3)
  5 orcs
  6 ball pythons
  4 bats
  4 endoplasms
  4 giant cockroaches
  6 goblins
  5 hobgoblins
  7 kobolds
  4 frilled lizards
  7 rats
68 creatures vanquished.

Notes
Turn   | Place    | Note
-------+----------+-------------------------------------------
     0 | D:1      | rjrrt the Spriggan Berserker began the quest for the Orb.
     0 | D:1      | Reached XP level 1. HP: 11/11 MP: 2/2
   741 | D:1      | Reached skill level 1 in Stealth
   741 | D:1      | Reached XP level 2. HP: 15/16 MP: 3/3
   867 | D:1      | Found a faded altar of an unknown god.
  1437 | D:2      | Reached XP level 3. HP: 19/19 MP: 4/4
  1542 | D:2      | Found Opticrin's Book Boutique.
  1772 | D:2      | Reached ** piety under Trog
  2421 | D:3      | Reached XP level 4. HP: 21/23 MP: 5/5
  3255 | D:3      | Found a blossoming altar of Fedhas.
  3678 | D:3      | Found a shadowy altar of Dithmenos.
  4326 | D:4      | Reached XP level 5. HP: 25/28 MP: 6/6
  4446 | D:4      | Reached skill level 5 in Dodging
  4575 | D:4      | Noticed a black bear
  4590 | D:4      | Killed a black bear
  4591 | D:4      | Reached skill level 1 in Long Blades
  4661 | D:4      | Reached *** piety under Trog
  4768 | D:4      | Reached XP level 6. HP: 32/32 MP: 7/7
  5141 | D:4      | Killed from afar by an orc wizard

Illustrated notes

Levels and vault maps discovered:
D:1:      minmay_arrival_up_and_down, layout_loops_corners,
          shapermc_ecumenical_altar_starsandcircs, minmay_strange_pillars
D:2:      layout_loops_ring, serial_shops, shop_fountains, grunt_ministairs_11
D:3:      minmay_evil_eye, layout_basic, marbit_many_paths,
          nicolae_overflow_crystal_walls, minmay_ruptured
D:4:      layout_basic, kennysheep_generic_room_12

Skill      XL: |  1  2  3  4  5  6 |
---------------+-------------------+-----
Stealth        | 1 2 3 4 |  4.0
Short Blades   | 4 |  4.5
Fighting       | 3 |  3.3
Dodging        | 5 |  5.4
Long Blades    | 1 2 |  2.0

Action                   |  1- 3 |  4- 6 || total
-------------------------+-------+-------++-------
Melee: Short sword       |   106 |   170 ||   276
Throw: Dart              |       |     8 ||     8
Invok: Berserk           |     5 |     7 ||    12
  Use: Scroll            |       |     4 ||     4
 Stab: Sleeping          |     5 |     3 ||     8
Armor: Animal skin       |     5 |    12 ||    17
Dodge: Dodged            |    78 |   116 ||   194

Table legend: (Time is in decaauts)
 A = Elapsed time spent in this place.
 B = Non-inter-level travel time spent in this place.
 C = Inter-level travel time spent in this place.
 D = Time resting spent in this place.
 E = Time spent auto-exploring this place.
 F = Levels seen in this place.
 G = Mean time per level.
                   A        B        C        D        E       F      G
               +--------+--------+--------+--------+--------+-----+--------+
         Total |   4088 |   4041 |     47 |    796 |   2543 |   4 | 1022.0 |
       Dungeon |   4088 |   4041 |     47 |    796 |   2543 |   4 | 1022.0 |
               +--------+--------+--------+--------+--------+-----+--------+

Top non-repeatable levels by time:
     D:3: 1256 daAuts
     D:1: 1081 daAuts
     D:4: 1015 daAuts
     D:2: 733 daAuts
